TOP OF THE 1ST |
Butler HS Golden Tornado batting - Pitching for Maris School : RHP Lewis Sweeney
|
Pitching: RHP Lewis Sweeney
|
|
Batting: LHB Jon Rogers
|
0-0: Called Strike 0-1: Foul Ball, location: 2F 0-2: Ball 1-2: Strikes out swinging
|
Batting: RHB Derek Scott
|
0-0: Ball 1-0: Swinging Strike 1-1: Fly out, F7 (Flyball, 7M)
|
Batting: LHB Jérémie Rivard
|
0-0: Called Strike 0-1: Called Strike 0-2: Strikes out looking
|
Top of the 1st over - 0 run(s), 0 hit(s), 0 error(s), 0 left on base; Butler HS 0 - Maris School 0 |
BOTTOM OF THE 1ST |
Maris School batting - Pitching for Butler HS Golden Tornado : RHP Colin Younger
|
Pitching: RHP Colin Younger
|
|
Batting: RHB Jason Ward
|
0-0: Ball 1-0: Swinging Strike 1-1: Foul Ball, location: 2F 1-2: Strikes out swinging
|
Batting: RHB James Everhart
|
0-0: Called Strike 0-1: Ball 1-1: Swinging Strike 1-2: Foul Ball, location: 2F 1-2: SINGLE (Line Drive, 6M)
|
Batting: LHB Al Gaines
|
0-0: Called Strike 0-1: Ball 1-1: Called Strike 1-2: SINGLE (Groundball, 2L) (infield hit) James Everhart to second
|
Batting: RHB Marshall Normore
|
0-0: Foul Ball, location: 2F 0-1: Ball 1-1: Ball 2-1: Foul Ball, location: 2F 2-2: Foul Ball, location: 2F 2-2: Grounds into double play, 6-4-3 (Groundball, 6)
|
Bottom of the 1st over - 0 run(s), 2 hit(s), 0 error(s), 1 left on base; Butler HS 0 - Maris School 0 |
TOP OF THE 2ND |
Butler HS Golden Tornado batting - Pitching for Maris School : RHP Lewis Sweeney
|
Batting: RHB Rafael Barajas
|
0-0: Called Strike 0-1: Called Strike 0-2: Ball 1-2: Strikes out swinging
|
Batting: LHB Joe Baker
|
0-0: Foul Ball, location: 2F 0-1: Foul Ball, location: 2F 0-2: Strikes out swinging, 2-3 out at first.
|
Batting: SHB Bruce MacPherson
|
0-0: Called Strike 0-1: Ball 1-1: Swinging Strike 1-2: Strikes out swinging
|
Top of the 2nd over - 0 run(s), 0 hit(s), 0 error(s), 0 left on base; Butler HS 0 - Maris School 0 |
BOTTOM OF THE 2ND |
Maris School batting - Pitching for Butler HS Golden Tornado : RHP Colin Younger
|
Batting: LHB Denny Poole
|
0-0: Ball 1-0: Foul Ball, location: 2F 1-1: Foul Ball, location: 2F 1-2: Fly out, F9 (Flyball, 9M)
|
Batting: RHB Denis Miller
|
0-0: Ball 1-0: Ball 2-0: Ball 3-0: Called Strike 3-1: Base on Balls
|
Batting: RHB John Scammell
|
0-0: Ball 1-0: Ball 2-0: Ball 3-0: Called Strike 3-1: Foul Ball, location: 2F 3-2: Base on Balls Denis Miller to second
|
Batting: LHB Gary White
|
0-0: Ball 1-0: Swinging Strike 1-1: Ball 2-1: SINGLE (Groundball, 4M) Denis Miller to third John Scammell to second Runner from 3rd tries for Home, SAFE, no throw or cutoff
|
Batting: RHB Joe Baker
|
0-0: Ball 1-0: Ball 2-0: Ball 3-0: Called Strike 3-1: DOUBLE (Flyball, 78M) John Scammell scores Gary White to third
|
Batting: RHB Jason Ward
|
0-0: SINGLE (Groundball, 56D) Gary White scores Joe Baker to third
|
Batting: RHB James Everhart
|
0-0: Ball 1-0: Ball 2-0: Ball 3-0: Called Strike 3-1: Called Strike 3-2: Fielders Choice at 2nd, 1-6 (Groundball, 13)
|
Batting: LHB Al Gaines
|
0-0: Ball 1-0: Foul Ball, location: 2F 1-1: Ball 2-1: Foul Ball, location: 2F 2-2: Foul Ball, location: 2F 2-2: Ball 3-2: Ground out 4-3 (Groundball, 4)
|
Bottom of the 2nd over - 3 run(s), 3 hit(s), 0 error(s), 2 left on base; Butler HS 0 - Maris School 3 |
TOP OF THE 3RD |
Butler HS Golden Tornado batting - Pitching for Maris School : RHP Lewis Sweeney
|
Batting: RHB Christian Nash
|
0-0: Called Strike 0-1: Ball 1-1: SINGLE (Flyball, 34D)
|
Batting: LHB Dave Reynolds
|
0-0: Ball 1-0: Ball Wild Pitch! Christian Nash to second 2-0: Foul Ball, location: 2F 2-1: Foul Ball, location: 2F 2-2: Strikes out swinging
|
Batting: RHB Jimmy Myers
|
0-0: Called Strike 0-1: Called Strike 0-2: Ball 1-2: Strikes out swinging
|
Batting: LHB Jon Rogers
|
0-0: Called Strike 0-1: Swinging Strike 0-2: Ball 1-2: Foul Ball, location: 2F 1-2: Strikes out swinging
|
Top of the 3rd over - 0 run(s), 1 hit(s), 0 error(s), 1 left on base; Butler HS 0 - Maris School 3 |
BOTTOM OF THE 3RD |
Maris School batting - Pitching for Butler HS Golden Tornado : RHP Colin Younger
|
Batting: RHB Marshall Normore
|
0-0: SINGLE (Line Drive, 6D)
|
Batting: LHB Denny Poole
|
0-0: Ball 1-0: Ball 2-0: Fly out, F8 (Flyball, 78M)
|
Batting: RHB Denis Miller
|
0-0: Ball 1-0: Foul Ball, location: 2F 1-1: Ball 2-1: Called Strike 2-2: Ball 3-2: Base on Balls Marshall Normore to second
|
Batting: RHB John Scammell
|
0-0: Ball 1-0: SINGLE (Flyball, 78S) Marshall Normore to third Denis Miller to second
|
Batting: LHB Gary White
|
0-0: Ball 1-0: Grounds into double play, 6-4-3 (Groundball, 6)
|
Bottom of the 3rd over - 0 run(s), 2 hit(s), 0 error(s), 2 left on base; Butler HS 0 - Maris School 3 |
TOP OF THE 4TH |
Butler HS Golden Tornado batting - Pitching for Maris School : RHP Lewis Sweeney
|
Batting: RHB Derek Scott
|
0-0: Foul Ball, location: 2F 0-1: Foul Ball, location: 2F 0-2: Ball 1-2: Foul Ball, location: 2F 1-2: Strikes out looking
|
Batting: LHB Jérémie Rivard
|
0-0: Called Strike 0-1: Called Strike 0-2: Strikes out swinging
|
Batting: RHB Rafael Barajas
|
0-0: Called Strike 0-1: Ball 1-1: Foul Ball, location: 2F 1-2: Strikes out looking
|
Top of the 4th over - 0 run(s), 0 hit(s), 0 error(s), 0 left on base; Butler HS 0 - Maris School 3 |
BOTTOM OF THE 4TH |
Maris School batting - Pitching for Butler HS Golden Tornado : RHP Colin Younger
|
Batting: RHB Joe Baker
|
0-0: Reached on error, E3 (Groundball, 3S)
|
Batting: RHB Jason Ward
|
0-0: SINGLE (Line Drive, 6MD) Joe Baker to second
|
Batting: RHB James Everhart
|
0-0: Ball 1-0: Swinging Strike 1-1: Swinging Strike 1-2: Strikes out looking
|
Batting: LHB Al Gaines
|
0-0: Ball 1-0: Called Strike 1-1: Swinging Strike 1-2: Ball 2-2: Ball 3-2: Fly out, F7 (Flyball, 7LMF)
|
Pitching: RHP Bill Hendricks
|
|
Batting: RHB Marshall Normore
|
0-0: Ball 1-0: Ball 2-0: Fly out, F7 (Line Drive, 7S)
|
Bottom of the 4th over - 0 run(s), 1 hit(s), 1 error(s), 2 left on base; Butler HS 0 - Maris School 3 |
TOP OF THE 5TH |
Butler HS Golden Tornado batting - Pitching for Maris School : RHP Lewis Sweeney
|
Batting: LHB Joe Baker
|
0-0: Foul Ball, location: 2F 0-1: Ball 1-1: Swinging Strike 1-2: Strikes out swinging
|
Batting: SHB Bruce MacPherson
|
0-0: Called Strike 0-1: Swinging Strike 0-2: Strikes out swinging
|
Batting: RHB Christian Nash
|
0-0: Ball 1-0: Called Strike 1-1: Called Strike 1-2: Strikes out swinging
|
Top of the 5th over - 0 run(s), 0 hit(s), 0 error(s), 0 left on base; Butler HS 0 - Maris School 3 |
BOTTOM OF THE 5TH |
Maris School batting - Pitching for Butler HS Golden Tornado : RHP Bill Hendricks
|
Batting: LHB Denny Poole
|
0-0: Ball 1-0: Called Strike 1-1: Ball 2-1: Ball 3-1: Foul Ball, location: 2F 3-2: Ground out 1-3 (Groundball, 13)
|
Batting: RHB Denis Miller
|
0-0: Foul Ball, location: 2F 0-1: Ball 1-1: Foul Ball, location: 2F 1-2: Reached on error, E1 (Groundball, 13)
|
Batting: RHB John Scammell
|
0-0: Intentional Walk
|
Batting: LHB Gary White
|
0-0: Ball 1-0: Ball 2-0: Foul Ball, location: 2F 2-1: Ball 3-1: Swinging Strike 3-2: Foul Ball, location: 2F 3-2: Base on Balls Denis Miller to third John Scammell to second
|
Batting: RHB Joe Baker
|
0-0: Ball 1-0: Ball 2-0: DOUBLE (Line Drive, 9LM) Denis Miller scores John Scammell scores Gary White to third
|
Batting: RHB Jason Ward
|
0-0: Ground out 6-3 (Groundball, 6M) Gary White scores Joe Baker to third
|
Batting: RHB James Everhart
|
0-0: Ball 1-0: Ground out 6-3 (Groundball, 6D)
|
Bottom of the 5th over - 3 run(s), 1 hit(s), 1 error(s), 1 left on base; Butler HS 0 - Maris School 6 |
TOP OF THE 6TH |
Butler HS Golden Tornado batting - Pitching for Maris School : RHP Lewis Sweeney
|
Batting: LHB Dave Reynolds
|
0-0: Ball 1-0: Ball 2-0: Ball 3-0: Called Strike 3-1: Ground out 3-1 (Groundball, 3)
|
Batting: RHB Jimmy Myers
|
0-0: Ball 1-0: Called Strike 1-1: Ball 2-1: Ball 3-1: Base on Balls
|
Batting: LHB Jon Rogers
|
0-0: Called Strike 0-1: Ball 1-1: Fly out, F7 (Flyball, 7LSF)
|
Batting: RHB Derek Scott
|
0-0: Called Strike 0-1: Ball 1-1: Ball 2-1: Reached on Error, E8 (Flyball, 8LM) Jimmy Myers to third
|
Batting: LHB Jérémie Rivard
|
0-0: Called Strike 0-1: Fly out, F7 (Flyball, 7M)
|
Top of the 6th over - 0 run(s), 0 hit(s), 1 error(s), 2 left on base; Butler HS 0 - Maris School 6 |
BOTTOM OF THE 6TH |
Maris School batting - Pitching for Butler HS Golden Tornado : RHP Bill Hendricks
|
Batting: LHB Al Gaines
|
0-0: Foul Ball, location: 2F 0-1: Ball 1-1: Ball 2-1: Ball 3-1: Foul Ball, location: 2F 3-2: Foul Ball, location: 2F 3-2: Foul Ball, location: 2F 3-2: Strikes out looking
|
Batting: RHB Marshall Normore
|
0-0: Swinging Strike 0-1: DOUBLE (Groundball, 5L)
|
Batting: LHB Denny Poole
|
0-0: Foul Ball, location: 2F 0-1: Fly out, F9 (Line Drive, 9M)
|
Batting: RHB Denis Miller
|
0-0: Swinging Strike 0-1: Foul Ball, location: 2F 0-2: Foul Ball, location: 2F 0-2: Strikes out swinging
|
Bottom of the 6th over - 0 run(s), 1 hit(s), 0 error(s), 1 left on base; Butler HS 0 - Maris School 6 |
TOP OF THE 7TH |
Butler HS Golden Tornado batting - Pitching for Maris School : RHP Lewis Sweeney
|
Pitching: RHP Hugh Hale
|
|
Batting: RHB Rafael Barajas
|
0-0: Called Strike 0-1: Called Strike 0-2: Ball 1-2: SINGLE (Groundball, 56S)
|
Batting: LHB Joe Baker
|
0-0: Ball 1-0: Ball 2-0: Ball 3-0: Called Strike 3-1: Called Strike 3-2: Foul Ball, location: 2F 3-2: Strikes out looking
|
Batting: SHB Bruce MacPherson
|
0-0: Called Strike 0-1: SINGLE (Flyball, 78S) Rafael Barajas to second
|
Batting: RHB Christian Nash
|
0-0: Ball 1-0: Called Strike 1-1: Ball 2-1: SINGLE (Line Drive, 89S) Rafael Barajas to third Bruce MacPherson to second
|
Batting: LHB Dave Reynolds
|
0-0: Called Strike 0-1: Ball 1-1: Called Strike 1-2: Ball 2-2: Foul Ball, location: 2F 2-2: SINGLE (Flyball, 8LS) Rafael Barajas scores Bruce MacPherson to third Christian Nash to second
|
Batting: RHB Jimmy Myers
|
0-0: Ball 1-0: Ball 2-0: Ground out 5-3 (Groundball, 56S) Bruce MacPherson scores Christian Nash to third Dave Reynolds to second
|
Batting: LHB Jon Rogers
|
0-0: Ball 1-0: Swinging Strike 1-1: Ball 2-1: Foul Ball, location: 2F 2-2: Strikes out swinging
|
Top of the 7th over - 2 run(s), 4 hit(s), 0 error(s), 2 left on base; Butler HS 2 - Maris School 6 |
BOTTOM OF THE 7TH |
Maris School batting - Pitching for Butler HS Golden Tornado : RHP Bill Hendricks
|
Pitching: LHP Eric Thompson
|
|
Batting: RHB John Scammell
|
0-0: Called Strike 0-1: Ball 1-1: Ball 2-1: Foul Ball, location: 2F 2-2: Strikes out swinging
|
Batting: LHB Gary White
|
0-0: Ball 1-0: DOUBLE (Groundball, 3L)
|
Batting: RHB Joe Baker
|
0-0: Ball 1-0: Swinging Strike 1-1: Ball 2-1: Ball 3-1: Fly out, F4 (Line Drive, 4)
|
Batting: RHB Jason Ward
|
0-0: Swinging Strike 0-1: Ball 1-1: Foul Ball, location: 2F 1-2: Foul Ball, location: 2F 1-2: Ball 2-2: Ball 3-2: Strikes out swinging
|
Bottom of the 7th over - 0 run(s), 1 hit(s), 0 error(s), 1 left on base; Butler HS 2 - Maris School 6 |
TOP OF THE 8TH |
Butler HS Golden Tornado batting - Pitching for Maris School : RHP Hugh Hale
|
Batting: RHB Derek Scott
|
0-0: Ball 1-0: SINGLE (Flyball, 8RS)
|
Batting: LHB Jérémie Rivard
|
0-0: Ball 1-0: Ball 2-0: Swinging Strike 2-1: Fly out, F9 (Flyball, 9M)
|
Batting: RHB Rafael Barajas
|
0-0: Called Strike 0-1: Foul Ball, location: 2F 0-2: Strikes out swinging
|
Batting: LHB Joe Baker
|
0-0: Ball 1-0: Called Strike 1-1: Foul Ball, location: 2F 1-2: Strikes out looking
|
Top of the 8th over - 0 run(s), 1 hit(s), 0 error(s), 1 left on base; Butler HS 2 - Maris School 6 |
BOTTOM OF THE 8TH |
Maris School batting - Pitching for Butler HS Golden Tornado : LHP Eric Thompson
|
Batting: RHB James Everhart
|
0-0: Fly out, F7 (Flyball, 7M)
|
Batting: LHB Al Gaines
|
0-0: Called Strike 0-1: Ball 1-1: Ball 2-1: Ball 3-1: Foul Ball, location: 2F 3-2: Ground out 4-3 (Groundball, 4)
|
Batting: RHB Marshall Normore
|
0-0: Ball 1-0: Ball 2-0: Fly out, F9 (Flyball, 9S)
|
Bottom of the 8th over - 0 run(s), 0 hit(s), 0 error(s), 0 left on base; Butler HS 2 - Maris School 6 |
TOP OF THE 9TH |
Butler HS Golden Tornado batting - Pitching for Maris School : RHP Hugh Hale
|
Batting: SHB Bruce MacPherson
|
0-0: Ball 1-0: Ball 2-0: Called Strike 2-1: Foul Ball, location: 2F 2-2: Foul Ball, location: 2F 2-2: Ball 3-2: Foul Ball, location: 2F 3-2: Foul Ball, location: 2F 3-2: Base on Balls
|
Pitching: RHP Steve Henry
|
|
Batting: RHB Christian Nash
|
0-0: Ball 1-0: Called Strike 1-1: Called Strike 1-2: Strikes out swinging
|
Batting: LHB Dave Reynolds
|
0-0: Swinging Strike 0-1: Ball 1-1: 2-RUN HOME RUN (Flyball, 9D), Distance : 390 ft
|
Pitching: LHP Brant Goff
|
|
Batting: RHB Jimmy Myers
|
0-0: Ball 1-0: SINGLE (Groundball, 56)
|
Pinch Hitting: RHB Eddie Woods
|
0-0: Swinging Strike 0-1: Grounds into double play, U6-3 (Groundball, 6M)
|
Top of the 9th over - 2 run(s), 2 hit(s), 0 error(s), 0 left on base; Butler HS 4 - Maris School 6 |
|